 Dungeon Crawl Stone Soup version 0.19.0-18-g426998a (webtiles) character file.

87 Lochraine the Magician (level 4, -1/49 HPs)
             Began as a Draconian Wizard on Nov 11, 2016.
             Was an Initiate of Makhleb.
             Slain by an iguana (6 damage)
             ... on level 4 of the Dungeon.
             The game lasted 00:06:57 (3240 turns).

Lochraine the Magician (Draconian Wizard)           Turns: 3240, Time: 00:06:57

Health: -1/49      AC: 22    Str:  9    XL:     4   Next: 28%
Magic:  1/8        EV:  2    Int: 19    God:    Makhleb [......]
Gold:   130        SH:  0    Dex: 10    Spells: 3 memorised, 5 levels left

rFire  . . .     SeeInvis .     g - +0 short sword
rCold  . . .     Gourm    .     (armour unavailable)
rNeg   + + +     Faith    .     (no shield)
rPois  +         Spirit   .     (helmet currently unavailable)
rElec  .         Reflect  .     (cloak currently unavailable)
rCorr  .         Harm     .     (gloves currently unavailable)
MR     .....     NoTele   +     (boots currently unavailable)
Stlth  ++........               (no amulet)
                                (no ring)
                                (no ring)

@: tree-form
A: unfitting armour, low mp 1, sense surroundings 1, (poison resistance),
(cold-blooded), AC +5
a: Renounce Religion


You were on level 4 of the Dungeon.
You worshipped Makhleb.
Makhleb was noncommittal.
You were not hungry.
You were a tree.
You visited 1 branch of the dungeon, and saw 5 of its levels.

You collected 130 gold pieces.

Inventory:

Hand Weapons
 e - a +0 dagger
 g - a +0 short sword (weapon)
Missiles
 u - 7 curare-tipped needles
Armour
 a - a +1 hat (melded)
 h - a +0 cloak (melded)
 s - a +2 pair of boots (melded)
Scrolls
 d - a scroll of enchant armour
 f - 3 scrolls of identify {unknown}
 j - 2 scrolls of fear {unknown}
 k - a scroll of enchant weapon {unknown}
 m - a scroll of blinking {unknown}
 r - a scroll of teleportation {unknown}
Potions
 o - a potion of lignification
 q - a potion of cancellation {unknown}
Books
 b - a book of Minor Magic

   Spells                             Type                      Level
   a - Magic Dart                     Conjuration                  1
   b - Blink                          Translocation                2
   c - Call Imp                       Summoning                    2
   d - Repel Missiles                 Charms/Air                   2
   e - Slow                           Hexes                        2
   f - Conjure Flame                  Conjuration/Fire             3
   g - Mephitic Cloud                 Conjuration/Poison/Air       3
Comestibles
 c - a bread ration
 n - a slice of pizza
 p - 3 fruits
 t - a beef jerky


   Skills:
 - Level 1.7 Dodging
 - Level 1.7 Stealth
 + Level 3.6 Spellcasting
 + Level 2.9 Conjurations
 + Level 1.2 Summonings
 - Level 1.9 Translocations


You had 5 spell levels left.
You knew the following spells:

 Your Spells              Type           Power        Failure   Level  Hunger
a - Magic Dart            Conj           ##..         6%          1    None
b - Blink                 Tloc           N/A          12%         2    ##.....
c - Call Imp              Summ           #.......     14%         2    ##.....


Dungeon Overview and Level Annotations

Branches:
Dungeon (5/15)
 Temple: D:4-7

Altars:
Makhleb
Sif Muna
Xom


Innate Abilities, Weirdness & Mutations

((Your plain brown scales are hard. (AC +5)))
You cannot fit into any form of body armour.
((You are cold-blooded and may be slowed by cold attacks.))
Your magical capacity is low. (-10% MP)
You passively map a small area around you.
((Your system is resistant to poisons. (rPois)))


Message History

The phantom blinks!
The iguana bites you.
* * * LOW HITPOINT WARNING * * *
Your crimson imp blinks!
As you read the scroll labeled LUTIPT XEINIM, it crumbles to dust.
It is a scroll of enchant armour.
Your +0 hat glows green for a moment.
The iguana completely misses you.
It was a potion of lignification.
You turn into a tree.
Your +0 cloak melds into your body.
Your +1 hat melds into your body.
Your +2 pair of boots melds into your body.
Your roots penetrate the ground.
The iguana bites you but does no damage.
It was a potion of mutation.
You feel extremely strange.
You feel less energetic.
You feel resistant to poisons.
You feel a strange attunement to the structure of the dungeons.
The phantom blinks!
The iguana bites you.
* * * LOW HITPOINT WARNING * * *
It was a potion of flight.
Your roots keep you in place.
The phantom blinks!
The iguana bites you.
You die...

#...['..#......#
+
#....#..'......#
,
#....##'#......#
#.!..#..#......#
,
+....#..#.W..§.#
#....#..#......#
#....#..#......#
,
.....####......#
#.........♣#
#...5....l.#
#..........#
#..........#
############


You could see a phantom, an iguana and a friendly crimson imp.

Vanquished Creatures
  A worker ant (D:4)
  An adder (D:4)
  3 dart slugs (D:1)
  A leopard gecko (D:1)
  2 ball pythons (D:2)
  5 bats
  5 giant cockroaches
  8 goblins (D:1)
  4 hobgoblins (D:1)
  5 kobolds
  4 frilled lizards
  7 rats
46 creatures vanquished.

Notes
Turn   | Place    | Note
-------+----------+-------------------------------------------
     0 | D:1      | Lochraine the Draconian Wizard began the quest for the Orb.
     0 | D:1      | Reached XP level 1. HP: 14/14 MP: 4/4
   296 | D:1      | Reached XP level 2. HP: 12/20 MP: 0/6
   670 | D:1      | Learned a level 2 spell: Blink
  1000 | D:1      | Reached XP level 3. HP: 26/26 MP: 7/7
  2034 | D:2      | Found a burning altar of Makhleb.
  2041 | D:2      | Found a shimmering altar of Xom.
  2048 | D:2      | Became a worshipper of Makhleb the Destroyer
  2453 | D:2      | Found a deep blue altar of Sif Muna.
  2562 | D:3      | You fall through a shaft for 2 floors!
  2562 | D:5      | Entered Level 5 of the Dungeon
  2861 | D:4      | Learned a level 2 spell: Call Imp
  2877 | D:4      | Reached XP level 4. HP: 21/33 MP: 3/9
  3168 | D:4      | Noticed a phantom
  3239 | D:4      | Gained mutation: Your magical capacity is low. (-10% MP) [potion of mutation]
  3239 | D:4      | Gained mutation: Your system is resistant to poisons. (rPois) [potion of mutation]
  3239 | D:4      | Gained mutation: You passively map a small area around you. [potion of mutation]
  3240 | D:4      | Slain by an iguana

Skill      XL: |  1  2 |
---------------+-------+-----
Conjurations   | 2 |  2.9
Dodging        | |  1.7
Stealth        | |  1.7
Spellcasting   | |  3.6
Summonings     | |  1.2
Translocations | |  1.9

Action                   |  1- 3 |  4- 6 || total
-------------------------+-------+-------++-------
Melee: Dagger            |    22 |       ||    22
       Tailslap          |    11 |       ||    11
       Unarmed           |     3 |       ||     3
       Short sword       |   122 |     1 ||   123
 Cast: Magic Dart        |    42 |     9 ||    51
       Call Imp          |       |     2 ||     2
       Blink             |       |     1 ||     1
  Use: Potion            |       |     3 ||     3
       Scroll            |       |     1 ||     1
 Stab: Sleeping          |     3 |       ||     3
  Eat: Chunk             |     6 |     1 ||     7
Armor: Skin              |    67 |     2 ||    69
Dodge: Dodged            |   107 |     5 ||   112
